[Event "13th Chennai Open 2022"]
[Site "Chennai"]
[Date "2022.06.25"]
[Round "9.3"]
[White "Konguvel, Ponnuswamy"]
[Black "Fedorov, Alexei"]
[Result "0-1"]
[ECO "B32"]
[WhiteElo "2331"]
[BlackElo "2529"]
[Annotator "TA"]
[PlyCount "92"]
[EventDate "2022.06.19"]
[EventType "swiss"]
[EventCountry "IND"]
[SourceTitle "playchess.com"]
[Source "ChessBase"]
[SourceQuality "1"]
[TimeControl "5400+30"]

1. e4 c5 2. Nf3 Nc6 3. d4 cxd4 4. Nxd4 e5 5. Nb5 d6 6. N1c3 a6 7. Na3 Be6 8. Nc4 Rb8 {[%emt 0:00:46] B32: Sicilian: Löwenthal and Kalashnikov Variations.} 9. a4 Nb4 {[%emt 0:11:03] 9...Nf6 is more advanced technology.} 10. Nd5 Bxd5 {[%emt 0:00:57] The position is equal.} 11. exd5 Nf6 12. Ne3 Qa5 $1 13. Bd2 {[%emt 0:12:46] Threatens to win with Ra3.} Qc5 $1 14. c4 {[%emt 0:05:05] [#] a5 is the strong threat.} Ne4 $146 ({Predecessor:} 14... a5 15. Be2 Ne4 16. Bc1 g6 17. Bd3 Nf6 18. Nc2 Nxc2+ 19. Qxc2 b6 20. O-O Bg7 {½-½ (45) Brzeski,M (2358)-Jakubiec,A (2438) Szklarska Poreba 2021}) 15. a5 Nxd2 16. Qxd2 b6 $1 17. Qd1 g6 18. axb6 Bh6 19. Qa4+ Ke7 20. Ra3 Bxe3 {[%emt 0:16:14] Active counter play!} 21. fxe3 Rxb6 {[%emt 0:18:45][%cal Ob4d5] Strongly threatening ...Nxd5!} 22. Be2 Rc8 23. O-O Rc7 24. Rf2 a5 25. Bf1 Na6 26. Qxa5 Qxa5 27. Rxa5 Nc5 28. Rc2 Nb3 {[%emt 0:01:17][%mdl 1024] Black has compensation.} 29. Ra3 h5 30. h4 {[%emt 0:00:41] [#]} (30. h3 $15) 30... Rcb7 $1 $17 31. Kf2 Nc5 32. Ra2 Rb3 (32... f5 {seems wilder.} 33. Kf3 Rb3 34. Be2 Kf6) 33. Be2 f5 34. g3 Ne4+ 35. Kf3 g5 36. hxg5 Nxg5+ 37. Kf2 (37. Kg2 $17) 37... Ne4+ $19 38. Kf3 Kf6 39. Bf1 $2 (39. Bd1) 39... Rg7 40. Rg2 Rg4 41. Be2 {[%emt 0:03:46] [#]} (41. c5 $142 Nxc5 42. Ba6) 41... f4 $1 42. Ra3 {[%emt 0:00:01] [#]} fxg3 $1 43. Bd3 (43. Bf1 Rf4+) 43... Ng5+ 44. Ke2 Rxa3 (44... Rxb2+ $142 45. Bc2 Rxc2+ 46. Kd3 Rxg2 47. Kc3 Rf2 48. Rb3 g2 49. Rb1 g1=Q 50. Rxg1 Rxg1 51. c5 Rb1 52. cxd6 Ne4+ 53. Kc4 Rbb2 54. d7 Rfc2+ 55. Kd3 Nf2#) 45. bxa3 h4 46. Rg1 g2 {[%emt 0:00:14] Weighted Error Value: White=0.69/Black=0.19 (very precise)} 0-1

[Event "13th Chennai Open 2022"]
[Site "Chennai"]
[Date "2022.06.25"]
[Round "9.4"]
[White "Aronyak Ghosh"]
[Black "Baghdasaryan, Vahe"]
[Result "1-0"]
[ECO "A37"]
[WhiteElo "2494"]
[BlackElo "2267"]
[Annotator "TA"]
[PlyCount "65"]
[EventDate "2022.06.19"]
[EventType "swiss"]
[EventCountry "IND"]
[SourceTitle "playchess.com"]
[Source "ChessBase"]
[SourceQuality "1"]
[TimeControl "5400+30"]

1. c4 c5 2. Nf3 Nc6 3. Nc3 e5 4. g3 g6 5. Bg2 Bg7 6. a3 Nge7 {[%emt 0:03:55] 6...Nge7 is better than 6...a5.} 7. b4 cxb4 {[%emt 0:15:45] A37: Symmetrical English vs ...g6: 4 Bg2 Bg7 5 Nf3.} (7... d6 $11) 8. axb4 $14 Nxb4 9. Ba3 Nec6 {[%emt 0:00:23][%cal Oe5e4] White is slightly better.} 10. Nd5 Nxd5 11. cxd5 Ne7 {[%emt 0:00:43] [#]} 12. e4 $146 {[%emt 0:00:49][%mdl 1024] White has compensation.} ({Predecessor:} 12. Bd6 O-O 13. Nxe5 Re8 14. g4 Nf5 15. gxf5 Bxe5 16. Bxe5 Rxe5 17. fxg6 hxg6 18. d4 {1-0 (53) Tan,Z (2478)-Abrahamyan,T (2316) Ningbo 2013}) 12... f5 13. d3 d6 14. Qa4+ Bd7 15. Qb4 {[%emt 0:01:35] White is more active.} Nxd5 16. Qxd6 (16. exd5 $6 e4 17. dxe4 (17. Nd4 a5 $11) 17... Bxa1 $11) (16. Qxb7 {looks sharper.} Qa5+ 17. Nd2 Nb6 18. Ke2) 16... fxe4 17. Qxd5 exf3 18. Bxf3 {[%emt 0:00:04] Threatens to win with 0-0.} Bc8 $2 (18... Qb6 $16) 19. Bd6 $18 Rf8 {[%emt 0:11:41][%cal Of8f3] And now ...Rxf3! would win.} 20. Be4 (20. Bd1 $142 {White threatens Ba4+ and mate.} Rf6 21. Ba4+ Bd7 22. Qg8+ (22. Bxe5 Bxa4 23. Qxd8+ Rxd8 $16) (22. Qxe5+ Kf7 $14) 22... Bf8 23. Bxf8 Rxf8 24. Qe6+ Qe7 25. Bxd7+ Kd8 26. Qxe7+ Kxe7 27. Bh3) 20... Rf6 $2 {[%emt 0:01:47] [#]} (20... a5) 21. Qg8+ $1 Kd7 22. Qxg7+ Kxd6 23. O-O ({Weaker is} 23. Qxh7 Qc7 24. Qxc7+ Kxc7 $14) ({But not} 23. Bxb7 Bxb7 24. Qxb7 Rb8 25. Qxa7 (25. Ra6+ Kc5 $16) 25... Qc7 26. Ra6+ Kd7 27. Qxc7+ Kxc7 28. Rxf6 Rb1+ 29. Ke2 Rxh1 30. Rf7+ Kd6 $18) (23. d4 $142 exd4 24. O-O (24. Bxb7 Bxb7 25. Qxb7 Qe7+ 26. Qxe7+ Kxe7 $15)) 23... Qf8 $2 (23... Qe7 {is more resistant.} 24. Qh6 (24. Qg8 Rf7 $16) 24... Bf5) 24. Qxh7 Qf7 25. Qh8 {[%emt 0:00:58] Qd8+ is the strong threat.} Qf8 {[%emt 0:00:00] [#] Inhibits Qd8+.} 26. Qh4 Kc7 27. Rfc1+ Kb8 28. Rab1 {[%emt 0:00:13][%cal Oe4b7] White wants to mate with Bxb7!} Rb6 29. Qh7 Qd8 {[%emt 0:00:16] Inhibits Qc7+.} 30. Qg7 {[%emt 0:00:46] Rxb6 would kill now.} a6 31. Qxe5+ Ka7 32. Qc5 {[%emt 0:00:12] Black must now prevent Rc4.} Qd6 $2 (32... Bd7 33. h4 Bb5 34. Bxg6 Qd6) 33. Qxd6 {[%emt 0:00:27] Black did not feel at home in the position after the opening.  Weighted Error Value: White=0.40/Black=0.61} 1-0

[Event "13th Chennai Open 2022"]
[Site "Chennai"]
[Date "2022.06.25"]
[Round "9.5"]
[White "Gusain, Himal"]
[Black "Daakshin Arun"]
[Result "1-0"]
[ECO "B23"]
[WhiteElo "2396"]
[BlackElo "2016"]
[Annotator "TA"]
[PlyCount "81"]
[EventDate "2022.06.19"]
[EventType "swiss"]
[EventCountry "IND"]
[SourceTitle "playchess.com"]
[Source "ChessBase"]
[SourceQuality "1"]
[TimeControl "5400+30"]

1. e4 c5 2. Nc3 d6 3. f4 g6 4. Nf3 Bg7 5. Bc4 e6 6. d4 cxd4 7. Nxd4 {[%emt 0:00:32] Hoping for Ndb5.} a6 {[%emt 0:04:59] Inhibits Ndb5. B23: Closed Sicilian: Lines without g3.} 8. O-O {[%emt 0:03:44] Black must now prevent f5.} Qc7 9. Bb3 {[%emt 0:02:34] Strongly threatening f5. 0x0.00166dfeb0b1dp-1022s more active pieces.} Nf6 (9... Nc6 $16 10. Be3 Nf6) 10. f5 $18 {[%emt 0:07:29][%cal Rf5e6] [#]} e5 $146 (10... O-O $142 11. fxe6 fxe6 12. Bxe6+ (12. Nxe6 Bxe6 13. Bxe6+ Kh8 $16) 12... Kh8) ({Predecessor:} 10... exf5 11. exf5 O-O 12. fxg6 hxg6 13. Qd3 Nc6 14. Nxc6 Bf5 15. Rxf5 gxf5 16. Nd4 Ne4 17. Nxf5 Nxc3 18. Nxg7 Kxg7 {1-0 (29) Frank,S (1385)-Bieszk,S (985) LSS email 2016}) 11. Nf3 gxf5 {[%emt 0:06:05] [#]} 12. Ng5 $1 O-O 13. exf5 {[%emt 0:01:01] And now Nce4 would win.} Qb6+ (13... Nbd7 {keeps fighting.} 14. Nge4 Qc6) 14. Kh1 Nbd7 15. Nge4 Qd4 16. Nxd6 Nc5 17. Bg5 {[%emt 0:00:07] aiming for Nd5.} Nxb3 18. axb3 Rd8 19. Qxd4 ({Better is} 19. Nc4 $18 Qxd1 20. Raxd1 (20. Nxd1 h6 $16)) 19... exd4 $14 20. Nce4 Nxe4 21. Nxe4 Rd5 22. Ng3 Bd7 23. Rad1 Bc6 24. h4 h6 25. Bf4 Re8 26. Kh2 Rc5 27. Rd2 a5 ({Black should play} 27... Bf6 $14) 28. Rff2 b5 {[%emt 0:01:21] [#]} (28... Rd5 $16) 29. f6 $1 $18 Bh8 (29... Bxf6 $2 30. Bd6 (30. Bxh6 Re6 $14) 30... Be7 31. Bxc5 (31. Rxd4 Bxd6 32. Rxd6 Re6 $16) 31... Bxc5 32. Nf5 $18) (29... Bf8 $142 30. Rxd4 Re6) 30. Bxh6 Rd5 31. Bg5 Bd7 32. c4 bxc4 33. bxc4 Rd6 34. Nf5 Bxf5 35. Rxf5 Ree6 36. Rxa5 Bxf6 37. Bxf6 Rxf6 38. Rd5 Rxd5 (38... Rb6 $142 39. R5xd4 Rfc6) 39. cxd5 {[%emt 0:00:06] White is clearly winning.} Rb6 40. Kg3 Rb4 41. Kf4 $2 {[%emt 0:00:16] Weighted Error Value: White=0.27 (precise) /Black=0.36} (41. d6) 1-0

[Event "13th Chennai Open 2022"]
[Site "Chennai"]
[Date "2022.06.25"]
[Round "9.6"]
[White "Kunal, M.."]
[Black "Deepan Chakkravarthy J."]
[Result "1/2-1/2"]
[ECO "B30"]
[WhiteElo "2277"]
[BlackElo "2478"]
[Annotator "RC"]
[PlyCount "153"]
[EventDate "2022.06.19"]
[EventType "swiss"]
[EventCountry "IND"]
[SourceTitle "playchess.com"]
[Source "ChessBase"]
[SourceQuality "1"]
[TimeControl "5400+30"]

1. e4 c5 2. Nf3 Nc6 3. Bb5 e6 4. O-O Nge7 5. d4 cxd4 6. Nxd4 Nxd4 7. Qxd4 a6 8. Be2 Nc6 9. Qe3 Qc7 10. c3 Be7 11. Nd2 Rb8 12. Kh1 O-O 13. f4 b5 14. e5 Bb7 15. Ne4 Na5 16. Bd3 f5 17. exf6 gxf6 18. Qh3 Rf7 19. Be3 Nc4 20. Bd4 Bxe4 21. Bxe4 f5 22. Bf3 Bf6 23. Bh5 Rff8 24. Bxf6 Rxf6 25. Qh4 Rbf8 26. Rf2 Nd6 27. Bf3 Ne4 28. Bxe4 fxe4 29. Qg3+ Kh8 30. Raf1 Qc5 31. Re2 d5 32. b4 Qc4 33. Ref2 Rc8 34. Qh4 Rff8 35. Qh3 Qxc3 36. Qxe6 e3 37. Re2 Rxf4 38. Rd1 Re4 39. Qxd5 Rce8 40. h3 Qxb4 41. Qh5 Qe7 42. Rf1 Re5 43. Qh6 Re6 44. Qh5 Qg7 45. Rf7 Qg6 46. Qf3 Kg8 47. Rf4 Kh8 48. Rg4 Qb1+ 49. Kh2 Qa1 50. Rg5 Qd4 51. Rf5 Qd6+ 52. g3 b4 53. Rf7 Rg6 54. Rf4 a5 55. h4 Rge6 56. Rf7 Rg6 57. Rf4 Rge6 58. Rf7 Rg8 59. Rf4 a4 60. Kh3 Qd7 61. g4 Qe7 62. Rf7 Qe8 63. Qf5 Reg6 64. h5 R6g7 65. Rxg7 Rxg7 66. Qf4 Re7 67. Qxb4 Re4 68. Qc3+ Kg8 69. Qf6 Re6 70. Qg5+ Kh8 71. Qf4 h6 72. a3 Kg8 73. Kg3 Kg7 74. Qd4+ Kg8 75. Qf4 Kg7 76. Qc7+ Kg8 77. Qf4 1/2-1/2

[Event "13th Chennai Open 2022"]
[Site "Chennai"]
[Date "2022.06.25"]
[Round "9.7"]
[White "Aaryan Varshney"]
[Black "Stupak, Kirill"]
[Result "1/2-1/2"]
[ECO "D51"]
[WhiteElo "2308"]
[BlackElo "2440"]
[Annotator "TA"]
[PlyCount "60"]
[EventDate "2022.06.19"]
[EventType "swiss"]
[EventCountry "IND"]
[SourceTitle "playchess.com"]
[Source "ChessBase"]
[SourceQuality "1"]
[TimeControl "5400+30"]

1. d4 Nf6 2. c4 e6 3. Nf3 d5 4. Nc3 Nbd7 5. Bg5 c6 6. e3 h6 7. Bh4 g5 {[%emt 0:00:05] D51: Queen's Gambit Declined: 4 Bg5 Nbd7 sidelines.} 8. Bg3 Nh5 9. Be5 Ng7 10. Bg3 (10. h3 $14) 10... Nf5 11. Bd3 {[%emt 0:03:57] White wants to play Bxf5.} Nxg3 12. hxg3 Bg7 13. Qc2 dxc4 14. Bxc4 {[%emt 0:00:24] [#]} Qe7 $146 ({Predecessor:} 14... b5 15. Bd3 Bb7 16. O-O Qe7 17. Rac1 a6 18. Ne4 Rc8 19. Nfd2 f5 20. Nc5 Nxc5 21. dxc5 O-O 22. g4 Rcd8 {1-0 (69) Jubin,J (2267)-Arjun,K (2390) Abu Dhabi 2018}) 15. a3 (15. O-O-O $14) 15... b6 $11 16. Rd1 Bb7 17. O-O g4 18. Nh4 Bf6 19. Ne4 Bg5 20. b4 Nf6 (20... Rg8 $1 $11) 21. Nc3 (21. Nxf6+ $14 Qxf6 22. Qe4) 21... Nd5 22. e4 $36 {[%emt 0:03:44][%mdl 2048] Black is under pressure.} Nxc3 23. Qxc3 Bf6 ({Black should play} 23... O-O-O $11) 24. Qc1 (24. f4 $14) 24... Bg5 (24... Bxh4 25. gxh4 O-O-O 26. d5 cxd5 27. Bxd5+ Qc7 28. Qb2 $1 $14) 25. Qc3 {[%emt 0:00:18] aiming for d5.} Bf6 26. Qc1 Bg5 $1 (26... Bxh4 27. gxh4 O-O-O 28. d5 cxd5 29. Bxd5+ Qc7 30. Qa1 $1 $16) 27. Qc3 ({Better is} 27. Qc2 $11) 27... Bf6 $14 28. Qc1 ({White should try} 28. Qc2 $1 $14) 28... Bg5 $11 ({Don't do} 28... Bxh4 29. gxh4 O-O-O 30. d5 cxd5 31. Bxd5+ Qc7 32. Qb2 $1 $14) 29. Qc3 {[%emt 0:00:05] Threatens to win with d5.} Bf6 30. Qc1 {[%emt 0:00:04] d5 is the strong threat.} (30. Qc2 $5 ) 30... Bg5 {[%emt 0:00:02] Weighted Error Value: White=0.26 (precise) /Black=0.15 (very precise)} ({Much less strong is} 30... Bxh4 31. gxh4 O-O-O 32. d5 cxd5 33. Bxd5+ Qc7 {[#]} 34. Qa1 $1 $16) 1/2-1/2

[Event "13th Chennai Open 2022"]
[Site "Chennai"]
[Date "2022.06.25"]
[Round "9.8"]
[White "Ajay Karthikeyan"]
[Black "Saravana, Krishnan P."]
[Result "1/2-1/2"]
[ECO "B11"]
[WhiteElo "2436"]
[BlackElo "2269"]
[Annotator "TA"]
[PlyCount "101"]
[EventDate "2022.06.19"]
[EventType "swiss"]
[EventCountry "IND"]
[SourceTitle "playchess.com"]
[Source "ChessBase"]
[SourceQuality "1"]
[TimeControl "5400+30"]

1. e4 c6 2. Nc3 d5 3. Nf3 Bg4 4. h3 Bxf3 5. Qxf3 e6 6. Be2 d4 {[%emt 0:00:30] B11: Caro-Kann: Two Knights Variation.} 7. Nb1 Ne7 $1 {[%emt 0:00:30][%mdl 4] outshines the older 7...Nd7.} 8. h4 h5 {[%emt 0:00:30] The position is equal.} 9. d3 Ng6 10. g3 Nd7 11. Nd2 {[%emt 0:00:30] [#]} a5 $146 ({Predecessor:} 11... Be7 12. Qg2 Qc7 13. f4 e5 14. f5 Ngf8 15. c3 dxc3 16. bxc3 O-O-O 17. Nb3 Nc5 {½-½ (41) Praggnanandhaa,R (2624)-Gukesh,D (2637) La Roda 2022}) 12. Qg2 a4 13. a3 Qa5 14. f4 e5 15. f5 Ne7 16. O-O Ng8 17. Nf3 Qc5 18. Ng5 Ndf6 19. Bf3 Nh6 20. Qe2 Nhg4 21. Rb1 Be7 22. Kg2 O-O (22... Ra5 $11) 23. Nh3 $1 $14 Rfb8 (23... Ne3+ $14 24. Bxe3 dxe3) 24. Nf2 Nxf2 25. Rxf2 b5 26. Bxh5 b4 27. axb4 Rxb4 28. Ra1 Qb5 (28... Qd6 $16 {was worth a try.}) 29. Ra2 $2 (29. g4 $1 $18 ) 29... c5 $1 30. g4 (30. b3 $5 ) 30... c4 $1 (30... Nxh5 31. gxh5 Qc6 32. Qg4 $16) 31. g5 cxd3 32. Qf3 Nxh5 33. Qxh5 {[%emt 0:00:30] And now g6 would win.} Qc6 $36 {[%emt 0:00:30][%csl LRc2,LRe4][%mdl 2048] Black has the initiative.} 34. g6 (34. f6 $1 $11 {was the only way to keep the balance.} Qxe4+ 35. Kg3) 34... Qxe4+ $17 35. Kg3 {[%emt 0:00:30] [#] Threatening mate with Qh7+.} fxg6 (35... Qxh4+ $1 $17 36. Qxh4 Bxh4+ 37. Kxh4 dxc2) 36. fxg6 $15 {[%emt 0:00:30][%csl Gg6][%cal Rh5h7] [#]} Bxh4+ $1 37. Qxh4 Qxg6+ (37... Qxh4+ $17 38. Kxh4 dxc2) 38. Qg4 $2 (38. Kh2 $1 $11 {and White has nothing to worry.}) 38... Qxg4+ $19 39. Kxg4 dxc2 {[%emt 0:00:30] aiming for ...d3+.} 40. Ra3 (40. Kf3 Rf8+ 41. Kg2) 40... d3+ 41. Kf3 (41. Kg3 $142 Rb3 42. Rd2) 41... Rf8+ {[%emt 0:00:30] Black is clearly winning.} 42. Ke3 Rxf2 43. Kxf2 {[%emt 0:00:30] [#]} Rxb2 $3 {[%emt 0:00:30][%cal Od3d2][%mdl 4608] Endgame ( -> ...d2!). KRB-KR} 44. Ke3 (44. Rxd3 Rb1) 44... Rb1 45. Kd2 (45. Bd2 $142 c1=R 46. Bxc1 Rxc1 47. Kxd3) 45... e4 {[%emt 0:00:30] ...Kf7 is the strong threat.} 46. Rxa4 e3+ $1 47. Kxe3 Rxc1 48. Kxd3 Kh7 ({Worse is} 48... g5 49. Ra5 $11 (49. Kd2 Rf1 $17)) 49. Ra5 g6 50. Kd2 Rd1+ 51. Kxc2 {[%emt 0:00:30][%mdl 32768] Black used his chance.  Weighted Error Value: White=0.58/Black=0.20 (precise) . An unexpected result.} 1/2-1/2

[Event "13th Chennai Open 2022"]
[Site "Chennai"]
[Date "2022.06.25"]
[Round "9.9"]
[White "Priyanka, Kumari"]
[Black "Srihari L R"]
[Result "0-1"]
[ECO "B40"]
[WhiteElo "1910"]
[BlackElo "2404"]
[Annotator "TA"]
[PlyCount "126"]
[EventDate "2022.06.19"]
[EventType "swiss"]
[EventCountry "IND"]
[SourceTitle "playchess.com"]
[Source "ChessBase"]
[SourceQuality "1"]
[TimeControl "5400+30"]

1. e4 c5 2. Nf3 e6 3. g3 Nc6 4. Bg2 Nf6 5. Nc3 d5 6. d3 {[%emt 0:13:38] B40: Sicilian: 2...e6, Unusual lines.} d4 7. Ne2 e5 8. Nd2 {[%emt 0:03:01] The position is equal.} Be6 9. f4 {[%emt 0:12:44] [#]} b5 $146 ({Predecessor:} 9... Ng4 10. Nf3 f6 11. h3 Nh6 12. fxe5 fxe5 {½-½ (12) Jovanovic,S (2325)-Jelic,G (2210) Belgrade 2007}) 10. h3 c4 11. a3 Qb6 12. Nf3 Bd6 13. g4 Rd8 14. g5 cxd3 15. cxd3 Nxe4 16. Nxe5 (16. f5 $5 Bc4 17. dxe4 $14) 16... Bxe5 (16... Nxe5 $2 17. fxe5 Nc3 18. bxc3 $18) 17. Bxe4 f5 18. gxf6 Bxf6 19. Ng3 Ne7 20. Bd2 O-O 21. O-O ({Much weaker is} 21. Qh5 g6 22. Qf3 Rc8 $17) 21... Nd5 {[%emt 0:01:02] Strongly threatening ...Ne3.} 22. Qe2 Ne3 $1 23. Bxe3 ({White should play} 23. Rf3) 23... dxe3 $17 24. Kh2 Kh8 25. Rac1 Rc8 {[%emt 0:00:38] Inhibits Rc6.} 26. Rfe1 (26. Rxc8 $17 Rxc8 27. Nf5) 26... Bd4 $1 $19 27. Qh5 Bg8 {[%emt 0:00:06] aiming for ...Rxc1. Active counter play!} 28. b4 (28. Rxc8 $142 Rxc8 29. b4) 28... a6 ({Better is} 28... Rxc1 $19 29. Rxc1 Qb8) 29. Ne2 {[%emt 0:00:16] [#]} Bb2 30. Rxc8 Rxc8 31. Qf5 Rc2 32. d4 (32. Kg3 $17) 32... Rd2 33. d5 (33. Kg3 {was worth a try.}) 33... Qf6 (33... Bxa3 $142 34. Bf3 Bxb4) 34. Qg4 $2 (34. Qxf6 {is the only way for White.} gxf6 35. Bf3) 34... Bxa3 35. Kg3 Bxb4 {[%emt 0:00:20][%cal Od2d4] This bishop pair is nice.} 36. Rc1 Bd6 {[%emt 0:01:07][%cal Od2e2] White must now prevent ...Rxe2!} 37. Rc2 $2 (37. Kf3) 37... Rxc2 38. Bxc2 g5 39. Qc8 Kg7 {[%emt 0:01:38][%cal Rd6f4] Threatens to win with ...Bxf4+.} 40. Qd7+ Bf7 41. Bf5 gxf4+ 42. Kf3 Kh6 43. Be6 Bh5+ 44. Bg4 Bg6 45. Qe6 {[%emt 0:00:44] [#]} Qxe6 (45... Qh4 $142 $1 46. Bf5 Qf2+ 47. Ke4 Qxe2 48. Qxd6 Qc2+ 49. Kxf4 Qh2+ 50. Kxe3 Qxd6 51. Bd3 Qg3+ 52. Kd4 Qxd3+ 53. Kc5 Be4 54. Kc6 Qxd5+ 55. Kb6 b4 56. Kc7 b3 57. Kc8 b2 58. h4 b1=Q 59. Kc7 Qbb7#) 46. dxe6 {[%emt 0:00:13][%mdl 4096] Endgame KBB-KBN} Kg5 {[%emt 0:00:33] Hoping for ...h5.} 47. h4+ Kf6 48. Nxf4 Bxf4 {[%emt 0:00:08] Black mates.} 49. Kxf4 {[%emt 0:00:03] KB-KB} h5 50. Be2 Kxe6 51. Kxe3 Ke5 52. Bf1 Bf5 53. Be2 Bg4 54. Bd3 Kd5 55. Bf1 Kc5 56. Kd2 a5 57. Kc3 a4 58. Kb2 b4 59. Ka2 Be6+ 60. Kb2 a3+ 61. Kb1 Kd4 62. Kc2 b3+ 63. Kb1 Kc3 {[%emt 0:00:06] Weighted Error Value: White=0.82/Black=0.33} 0-1

[Event "13th Chennai Open 2022"]
[Site "Chennai"]
[Date "2022.06.25"]
[Round "9.10"]
[White "Laxman, R.R."]
[Black "Jubin Jimmy"]
[Result "1/2-1/2"]
[ECO "D32"]
[WhiteElo "2420"]
[BlackElo "2259"]
[Annotator "TA"]
[PlyCount "78"]
[EventDate "2022.06.19"]
[EventType "swiss"]
[EventCountry "IND"]
[SourceTitle "playchess.com"]
[Source "ChessBase"]
[SourceQuality "1"]
[TimeControl "5400+30"]

1. Nf3 Nf6 2. c4 e6 3. Nc3 d5 4. e3 c5 5. d4 Nc6 6. cxd5 exd5 7. Be2 Be7 8. O-O O-O 9. dxc5 Bxc5 10. b3 Be6 11. Bb2 Qe7 12. Nb5 Rac8 13. Rc1 Ne4 14. Nfd4 {[%emt 0:01:28] D32: Tarrasch Defence: Sidelines and lines without g3.} Nxd4 15. Nxd4 Ba3 16. Rxc8 {[%emt 0:00:58] White is slightly better.} Rxc8 17. Qa1 Bxb2 18. Qxb2 Qc5 19. Bd3 {[%emt 0:04:11] [#]} Nf6 $146 ({Predecessor:} 19... Qc3 20. Qe2 Nf6 21. Rd1 Bg4 22. f3 Bh5 23. Qd2 Bg6 24. Bf1 Qc5 25. Ne2 Qa3 {1-0 (93) Lopez Martinez,J (2578)-Petrov,M (2465) Karlsruhe 2019}) 20. Ne2 Qd6 21. h3 {[%emt 0:02:13] Inhibits Ng4.} Nd7 22. Rc1 Rxc1+ 23. Qxc1 Ne5 24. Bb1 Nc6 {[%emt 0:00:00] The position is equal.} 25. Qc3 g6 26. Bd3 a6 27. a4 Qb4 28. Qxb4 Nxb4 $11 {[%emt 0:00:00][%mdl 4096] Endgame KBN-KBN} 29. Bb1 Nc6 30. Bc2 Kf8 31. Kf1 Ke7 32. Ke1 Kd6 33. Kd2 Kc5 34. Kc3 b5 35. axb5 axb5 36. Nd4 b4+ 37. Kd3 Nxd4 38. exd4+ Kd6 39. Ke3 h6 {[%emt 0:00:00] Weighted Error Value: White=0.03 (flawless) /Black=0.03 (flawless)} 1/2-1/2

[Event "13th Chennai Open 2022"]
[Site "Chennai"]
[Date "2022.06.25"]
[Round "9.11"]
[White "Nguyen, Van Huy"]
[Black "Hirthickkesh PR"]
[Result "1-0"]
[ECO "E11"]
[WhiteElo "2405"]
[BlackElo "2232"]
[Annotator "TA"]
[PlyCount "59"]
[EventDate "2022.06.19"]
[EventType "swiss"]
[EventCountry "IND"]
[SourceTitle "playchess.com"]
[Source "ChessBase"]
[SourceQuality "1"]
[TimeControl "5400+30"]

1. d4 Nf6 2. c4 e6 3. Nf3 Bb4+ 4. Nbd2 O-O 5. g3 d6 6. Bg2 Nbd7 {[%emt 0:00:30] E11: Bogo-Indian.} 7. O-O e5 8. Nb3 {[%emt 0:00:30] Hoping for a3.} exd4 {[%emt 0:01:00] White is slightly better.} 9. Nfxd4 {[%emt 0:00:30] [#]} Bc5 $146 ({Predecessor:} 9... Re8 10. Qc2 Nc5 11. a3 Nxb3 12. Nxb3 Bc5 13. Nxc5 dxc5 14. b3 Qe7 15. Re1 Ne4 {½-½ (66) Dubov,D (2710)-Carlsen,M (2847) chess24.com INT 2021}) 10. Nxc5 Nxc5 11. b4 Ncd7 12. Bb2 {[%emt 0:00:30] White is more active.} Ne5 13. Qc2 Bd7 14. Rad1 ({Not} 14. Bxb7 Rb8 15. Bd5 c6 $11) 14... Qc8 15. Nf3 Re8 16. c5 Bh3 17. Bxh3 Qxh3 18. cxd6 cxd6 19. Rxd6 Rac8 20. Qb3 Nc4 21. Rd4 Rxe2 $2 22. Rxc4 Rxc4 23. Qxc4 (23. Bxf6 $16 Rc8 24. Qd3) 23... Rxb2 $14 24. Rd1 {[%emt 0:00:30] Intending Rd8+ and mate.} (24. Qd4 $5 Re2 25. Qxa7 $14) 24... h6 25. Ne5 $40 {[%emt 0:00:30][%mdl 128] Against Qg4. Black needs to defend precisely.} Qh5 (25... Qf5 $14 26. Qxf7+ Kh7) 26. Rd8+ $18 Kh7 27. Qd3+ g6 {[%emt 0:00:30] [#]} 28. Qc4 $1 g5 (28... Nd5 29. Qxd5) 29. g4 b5 30. Qd3+ {[%emt 0:00:30] Weighted Error Value: White=0.12 (very precise) /Black=0.57} ({Stronger than} 30. gxh5 bxc4 31. Rf8 Nxh5 32. Nxc4 Rb1+ 33. Kg2 Kg7 $15) 1-0